AoeStats
← 投矛手愛好者

Arena

507716939Analyzed
4v4 RM · 12d ago on Sep 19, 2026· 27m 54s· 8 players
Game mode
Random Map
Map size
Large (8 player)
Population
200
Speed
Normal
Resources
Standard
Victory
Conquest
Starting age
Dark Age
Ending age
Imperial Age
RankedLock teamsTeams togetherTeam positionsShared explorationLock speedFull tech treeHidden civsTurbo modeCheats
Victory
Defeat
🇹🇼 Ethiopians · Taiwan
1398
+14
🇭🇰 Gurjaras · Hong Kong SAR China
1362
+16
🇹🇼 Khmer · Taiwan
1322
+18
🇹🇼 Vietnamese · Taiwan
1278
+20
🇻🇳 Britons · Vietnam
1405
-19
🇩🇴 Portuguese · Dominican Republic
1362
-17
🇷🇺 Sicilians · Russia
1332
-16
🇩🇪 Franks · Germany
1329
-16
Nicolukas
9:47 Feudal Age
13:40 Castle Age
12:09 Double-Bit Axe
13:53 Loom
20:32 Sanctity
21:24 Redemption
24:04 Horse Collar
haki
9:43 Feudal Age
10:18 Double-Bit Axe
15:48 Castle Age
14:01 Stone Mining
14:07 Loom
17:31 Bow Saw
Абэма
7:06 Loom
9:16 Feudal Age
9:47 Double-Bit Axe
10:01 Horse Collar
14:23 Wheelbarrow
gianghodd01
11:00 Feudal Age
11:35 Double-Bit Axe
11:31 Horse Collar
16:17 Castle Age
15:47 Wheelbarrow
Adams1491
10:05 Feudal Age
10:28 Feudal Age
15:23 Castle Age
13:28 Double-Bit Axe
14:14 Fletching
14:56 Horse Collar
15:32 Crossbowman
17:15 Wheelbarrow
19:12 Bow Saw
19:31 Bodkin Arrow
23:49 Padded Archer Armor
24:52 Gold Mining
25:07 Loom
25:39 Hand Cart
28:08 Ballistics
28:25 Thumb Ring
cccccccccc
10:26 Feudal Age
14:17 Castle Age
12:17 Horse Collar
12:23 Double-Bit Axe
15:25 Heavy Plow
20:24 Bow Saw
24:36 Gold Mining
28:18 Imperial Age
27:32 Forging
27:27 Scale Barding Armor
28:32 Wheelbarrow
28:18 Bloodlines
28:08 Husbandry
小浮兒
10:52 Feudal Age
14:39 Castle Age
12:57 Double-Bit Axe
13:26 Horse Collar
16:45 Loom
16:52 Loom
21:52 Gold Mining
21:53 Stone Mining
23:01 Wheelbarrow
27:27 Guard Tower
27:43 Fletching
28:19 Bodkin Arrow
投矛手愛好者
9:15 Feudal Age
8:37 Loom
13:03 Castle Age
12:40 Double-Bit Axe
14:15 Gold Mining
19:05 Bow Saw
18:48 Gold Mining
21:32 Wheelbarrow
23:42 Horse Collar
26:12 Heavy Plow
28:00 Hand Cart
Connection lost

Rejoining the realm…

Still unreachable

The connection could not be restored.

Session expired

The server has moved on; the page needs a fresh start.